 Dungeon Crawl Stone Soup version 0.26-a0-30-g56b8cd3df0 (webtiles) character file.

Game seed: 19067919717795089, levelgen mode: deterministic

6225 Lanoc the Covert (level 10, -5/81 HPs)
             Began as a Pale Draconian Enchanter on May 31, 2020.
             Was a Priest of Dithmenos.
             Slain by a freezing wraith (8 damage)
             ... led by a death knight
             ... on level 10 of the Dungeon.
             The game lasted 00:18:09 (10665 turns).

Lanoc the Covert (Pale Draconian Enchanter)        Turns: 10665, Time: 00:18:10

Health: -5/81      AC: 13    Str: 10    XL:     10   Next: 61%
Magic:  13/13      EV: 18    Int: 17    God:    Dithmenos [***...]
Gold:   56         SH:  0    Dex: 22    Spells: 7/13 levels left

rFire    + . .     SeeInvis .   H - +7 short sword of Erpheniack {drain, *Contam Dex+8}
rCold    . . .     Gourm    .   (no shield)
rNeg     . . .     Faith    .   (armour unavailable)
rPois    .         Spirit   .   (helmet restricted)
rElec    .         Reflect  .   l - +1 cloak
rCorr    .         Harm     .   (no gloves)
MR       .....                  (no boots)
Stlth    +++++++...             D - amulet of magic regeneration
HPRegen  0.23/turn              k - +4 ring of protection
MPRegen  0.38/turn              m - ring of protection from fire (curse)

@: slowed, wreathed by umbra, very slow
A: breathe steam, unfitting armour, cold-blooded, AC +7
a: Breathe Steam, Shadow Step, Renounce Religion


You were on level 10 of the Dungeon.
You worshipped Dithmenos.
Dithmenos was most pleased with you.
You were not hungry.

You visited 2 branches of the dungeon, and saw 12 of its levels.

You collected 450 gold pieces.
You spent 394 gold pieces at shops.

Inventory:

Hand Weapons
 a - a +3 dagger of venom
 b - a +2 dagger of electrocution
 H - the +7 short sword of Erpheniack (weapon) {drain, *Contam Dex+8}
   (You bought it in a shop on level 11 of the Dungeon)

   A truly terrible weapon, it drains the life of those it strikes.
   It affects your dexterity (+8).
   It causes magical contamination when unequipped.
Missiles
 o - a throwing net (quivered)
Armour
 l - a +1 cloak (worn)
Jewellery
 k - a +4 ring of protection (left hand)
 m - a cursed ring of protection from fire (right hand)
 x - an uncursed ring of see invisible
 z - a +6 ring of strength
 D - an amulet of magic regeneration (around neck)
Wands
 v - a wand of polymorph (8)
 A - a wand of disintegration (12)
 C - a wand of iceblast (5)
Scrolls
 d - 3 scrolls of immolation
 g - 4 scrolls of identify
 h - 6 scrolls of remove curse
 i - a scroll of amnesia
 j - 4 scrolls of enchant armour {unknown}
 p - a scroll of random uselessness {unknown}
 r - 3 scrolls of noise {unknown}
 s - a scroll of enchant weapon
 t - 3 scrolls of teleportation
 u - 2 scrolls of fog {unknown}
 y - a scroll of fear {unknown}
Potions
 e - 4 potions of curing
 f - 3 potions of might
 n - 3 potions of lignification
 q - 2 potions of magic {unknown}
 w - 2 potions of flight {unknown}
 B - a potion of berserk rage {unknown}
 E - a potion of brilliance {unknown}
 G - a potion of haste
Comestibles
 c - 20 rations


   Skills:
 + Level 5.4 Fighting
 + Level 6.9 Short Blades
 + Level 6.6 Dodging
 - Level 10.0 Stealth
 - Level 2.0 Spellcasting
 + Level 6.8 Hexes


You had 7 spell levels left.
You knew the following spells:

 Your Spells              Type           Power        Failure   Level  Hunger
a - Corona                Hex            ###....      1%          1    #......
b - Ensorcelled Hibernat  Hex/Ice        ##....       8%          2    ###....
c - Tukima's Dance        Hex            ###.....     3%          3    ###....

Your spell library contained the following spells:

 Spells                   Type           Power        Failure   Level  Hunger
 Confusing Touch          Hex            ###.....     3%          3    ###....
 Dazzling Flash           Conj/Hex       ##....       14%         3    ###....
 Haunt                    Necr/Summ      #.........   100%        7    #######
 Borgnjor's Revivificati  Necr           #.........   100%        8    #######
 Death's Door             Chrm/Necr      #.........   100%        8    #######
 Infestation              Necr           #.........   100%        8    #######
 Necromutation            Tmut/Necr      #.........   100%        8    #######


Dungeon Overview and Level Annotations

Branches:
Dungeon (11/15)            Temple (1/1) D:4            Lair (0/6) D:9
    Orc: D:9-12

Altars:
Ashenzari
Cheibriados
Dithmenos
Elyvilon
Fedhas
Gozag
Hepliaklqana
Kikubaaqudgha
Makhleb
Nemelex Xobeh
Okawaru
Qazlal
Ru
Sif Muna
Trog
Uskayaw
Vehumet
Wu Jian
Xom
Yredelemnul
Zin
The Shining One

Shops:
D:6 *   D:9 (   D:11 (


Innate Abilities, Weirdness & Mutations

You can breathe blasts of scalding, opaque steam.
Your pale cyan-grey scales are hard. (AC +7)
You cannot fit into any form of body armour.
You are cold-blooded and may be slowed by cold attacks.


Message History

The freezing wraith freezes you!
You feel as though you will be slow longer.
* * * LOW HITPOINT WARNING * * *
The freezing wraith completely misses you.
You climb upwards.
You have got your breath back.
There is a stone staircase leading down here.
You are too injured to fight recklessly!
Okay, then.
Okay, then.
Okay, then.
Throwing (i - inventory)
o - 2 throwing nets (quivered)
Press: ? - help, Shift-Dir - straight line, f - freezing wraith
Aim: a freezing wraith (heavily damaged, umbra, immune to nets)
You throw a throwing net.
The throwing net hits the freezing wraith.
The net passes right through the freezing wraith!
The freezing wraith is heavily damaged.
The freezing wraith hits you!
You die...

................#...#
######..........#...#
#.......####...#
#.......'......#####
#.......#####.......
#...........#.......
#...........#.......
##W.........#.......
#.@........#.......
#..........#.......
#..........#.......
#..........#.......
#..........#..#####
#..........####....
#..................
#..................
########..........########


You could see a freezing wraith.

Vanquished Creatures
  Nergalle (D:11)
  Pikel (D:6)
  Maurice (D:9)
  A kobold demonologist (D:11)
  2 trolls (D:9)
  A wraith (D:10)
  A water moccasin (D:6)
  2 orc warriors
  A hornet zombie (D:9)
  An ice beast (D:9)
  A phantom (D:10)
  A black bear (D:10)
  2 wolves (D:9)
  5 centaurs
  6 ogres
  2 big kobolds (D:9)
  4 bullfrogs
  A wyvern skeleton (D:8)
  3 scorpions
  2 electric eels (D:9)
  3 howler monkeys
  2 centaur zombies
  3 crimson imps
  A bullfrog zombie (D:6)
  3 quasits
  12 hounds
  4 orc priests
  A jelly (D:6)
  6 iguanas
  6 orc wizards
  7 worker ants
  3 worker ant zombies
  6 gnolls
  8 adders
  2 shadow imps
  An adder zombie (D:7)
  A worm (D:6)
  A dart slug (D:1)
  4 leopard geckos
  34 orcs
  3 giant cockroaches
  A hobgoblin (D:1)
  4 jackals (D:5)
  8 quokkas
  A ball python (D:2)
  A bat (D:3)
  2 frilled lizards
  2 goblins
  A jackal zombie (D:8)
  7 kobolds
  4 rats
181 creatures vanquished.

Vanquished Creatures (others)
  2 slaves (D:6)
  A howler monkey (D:6)
  An orc wizard (D:6)
  3 gnolls (D:6)
  An orc (D:6)
8 creatures vanquished.

Grand Total: 189 creatures vanquished

Notes
Turn   | Place    | Note
-------+----------+-------------------------------------------
     0 | D:1      | Lanoc the Draconian Enchanter began the quest for the Orb.
     0 | D:1      | Reached XP level 1. HP: 14/14 MP: 3/3
   726 | D:1      | Reached skill level 3 in Stealth
   726 | D:1      | Reached XP level 2. HP: 20/20 MP: 5/5
  1272 | D:3      | Learned a level 2 spell: Ensorcelled Hibernation
  1801 | D:4      | Reached XP level 3. HP: 26/26 MP: 6/6
  2000 | D:4      | Reached XP level 4. HP: 16/33 MP: 1/7
  2276 | D:4      | Found a staircase to the Ecumenical Temple.
  2287 | Temple   | Entered the Ecumenical Temple
  2507 | Temple   | Became a worshipper of Dithmenos the Shadowed
  2532 | D:4      | Reached skill level 4 in Stealth
  2975 | D:5      | Entered Level 5 of the Dungeon
  2986 | D:5      | Reached XP level 5. HP: 38/38 MP: 8/8
  3717 | D:5      | Reached XP level 6. HP: 41/45 MP: 9/9
  4132 | D:5      | Reached skill level 5 in Stealth
  4791 | D:6      | Noticed a water moccasin
  4883 | D:6      | Noticed a slave
  4886 | D:6      | Noticed Pikel
  4887 | D:6      | Noticed a slave
  4887 | D:6      | Noticed a slave
  4887 | D:6      | Noticed a slave
  4907 | D:6      | Killed Pikel
  4907 | D:6      | Reached skill level 6 in Stealth
  4907 | D:6      | Your scales start taking on a pale cyan-grey colour.
  4907 | D:6      | Reached XP level 7. HP: 50/50 MP: 5/10
  5053 | D:6      | Reached * piety under Dithmenos
  5144 | D:6      | Found Baatexke's General Store.
  5150 | D:6      | Reached XP level 8. HP: 57/57 MP: 11/11
  5273 | D:6      | Bought 2 scrolls of teleportation for 90 gold pieces
  5893 | D:7      | Reached skill level 7 in Stealth
  5963 | D:7      | Reached skill level 5 in Hexes
  6031 | D:7      | Reached skill level 1 in Fighting
  6149 | D:7      | Found a white marble altar of Elyvilon.
  6332 | D:7      | Reached skill level 5 in Short Blades
  6638 | D:8      | Reached XP level 9. HP: 68/68 MP: 12/12
  6680 | D:8      | Reached skill level 5 in Dodging
  6731 | D:8      | Learned a level 3 spell: Tukima's Dance
  6772 | D:8      | Reached skill level 8 in Stealth
  6813 | D:8      | Reached ** piety under Dithmenos
  7566 | D:9      | Noticed a troll
  7737 | D:9      | Noticed Maurice
  7747 | D:9      | Killed Maurice
  8057 | D:9      | Reached skill level 9 in Stealth
  8058 | D:9      | Noticed a troll
  8064 | D:9      | Killed a troll
  8084 | D:9      | Found Hasoineg's Weapon Emporium.
  8238 | D:9      | Found a staircase to the Lair.
  8248 | D:9      | Reached XP level 10. HP: 70/80 MP: 13/13
  8944 | D:10     | Entered Level 10 of the Dungeon
  9073 | D:10     | Reached *** piety under Dithmenos
 10071 | D:10     | Reached skill level 5 in Fighting
 10146 | D:11     | Noticed Nergalle
 10152 | D:11     | Killed Nergalle
 10152 | D:11     | Reached skill level 10 in Stealth
 10436 | D:11     | Found Veshaq's Antique Weapon Boutique.
 10469 | D:11     | Bought an ichor-stained short sword for 304 gold pieces
 10469 | D:11     | Identified the +7 short sword of Erpheniack {drain, *Contam
                  | Dex+8} (You bought it in a shop on level 11 of the Dungeon)
 10499 | D:11     | Found a stormy altar of Qazlal.
 10574 | D:11     | Noticed a soul eater
 10651 | D:11     | Noticed a death knight
 10661 | D:11     | Noticed a phantasmal warrior
 10661 | D:11     | Noticed a skeletal warrior
 10663 | D:11     | HP: 3/81 [freezing wraith[a death knight] (16)]
 10665 | D:10     | Slain by a freezing wraith

Illustrated notes

Levels and vault maps discovered:
D:1:      onia_arrival_mini_spirals, layout_basic, minmay_hedge_maze
D:2:      layout_basic, trog_hazing_becter
D:3:      layout_loops_ring, first_ration
D:4:      layout_loops_corners, minmay_temple_entry_large_hall
D:5:      layout_layer_cave
D:6:      layout_loops_ring, serial_shops, shop_statue, uniq_pikel
D:7:      layout_loops_ring, kennysheep_mini_moat, grunt_ogre_cave
D:8:      layout_rooms
D:9:      layout_gridville, erik_lair_island, serial_shops, shop, uniq_maurice
D:10:     layout_irregular_city, uniq_joseph
D:11:     layout_loops_ring, basic_altar, minmay_shop_grid_forest, uniq_nergalle
Temple:   regret_index_temple_sigil_plot

Skill      XL: |  1  2  3  4  5  6  7  8  9 10 |
---------------+-------------------------------+-----
Stealth        | 3 4 6 7 9 10 | 10.0
Dodging        | 2 3 4 5 6 |  6.6
Hexes          | 3 4 5 6 |  6.8
Short Blades   | 2 3 4 5 6 |  6.9
Fighting       | 2 4 5 |  5.4
Spellcasting   | |  2.0

Action                   |  1- 3 |  4- 6 |  7- 9 | 10-12 || total
-------------------------+-------+-------+-------+-------++-------
Melee: Dagger            |    71 |   126 |   235 |   161 ||   593
       Tailslap          |     4 |     6 |    22 |    24 ||    56
       Short sword       |       |       |       |    13 ||    13
Throw: Throwing net      |       |       |       |     1 ||     1
 Cast: Corona            |     2 |     3 |       |       ||     5
       Ensorcelled Hiber |     2 |     6 |     8 |     9 ||    25
 Abil: Breathe Steam     |       |       |    26 |    19 ||    45
  Use: Scroll            |       |    10 |       |     1 ||    11
 Stab: Sleeping          |     6 |     7 |    19 |     8 ||    40
       Distracted        |       |       |     3 |       ||     3
  Eat: Chunk             |     3 |     6 |    15 |    10 ||    34
       Ration            |       |     1 |       |       ||     1
Armor: Skin              |    16 |    84 |    88 |    46 ||   234
Dodge: Dodged            |    41 |   106 |   185 |   122 ||   454

Table legend:
 A = Non-vault XP
 B = Vault XP
 C = Vault XP percentage of total XP
 D = Non-vault monster count
 E = Vault monster count
 F = Vault count percentage of total count
                 A         B        C        D         E       F
            +---------+---------+-------+---------+---------+-------
      Total |    6119 |    2775 |  31.2 |     170 |      12 |   6.6
            +---------+---------+-------+---------+---------+-------
        D:1 |      12 |       0 |   0.0 |       7 |       0 |   0.0
        D:2 |      17 |       0 |   0.0 |       4 |       0 |   0.0
        D:3 |       9 |       0 |   0.0 |       6 |       0 |   0.0
        D:4 |     198 |       0 |   0.0 |      17 |       0 |   0.0
        D:5 |     349 |       0 |   0.0 |      16 |       0 |   0.0
        D:6 |     620 |     607 |  49.5 |      18 |       1 |   5.3
        D:7 |     788 |     118 |  13.0 |      21 |       1 |   4.5
        D:8 |     844 |       0 |   0.0 |      23 |       0 |   0.0
        D:9 |    1360 |    1234 |  47.6 |      25 |       9 |  26.5
       D:10 |    1405 |       0 |   0.0 |      27 |       0 |   0.0
       D:11 |     517 |     816 |  61.2 |       6 |       1 |  14.3
            +---------+---------+-------+---------+---------+-------
